 Dungeon Crawl Stone Soup version 0.19.0-20-gbc5f0c6 (webtiles) character file.

210 Haldmier the Chiller (level 5, -1/37 HPs)
             Began as a Merfolk Ice Elementalist on Nov 17, 2016.
             Slain by tomat's ghost (13 damage)
             ... on level 3 of the Dungeon.
             The game lasted 00:10:47 (3018 turns).

Haldmier the Chiller (Merfolk Ice Elementalist)     Turns: 3018, Time: 00:10:48

Health: -1/37      AC:  4    Str: 10    XL:     5   Next: 87%
Magic:  5/8        EV: 13    Int: 14    God:
Gold:   140        SH:  0    Dex: 14    Spells: 3 memorised, 2 levels left

rFire  . . .     SeeInvis .     d - +2 whip (vamp)
rCold  . . .     Gourm    +     a - +0 robe
rNeg   . . .     Faith    .     (no shield)
rPois  .         Spirit   .     (no helmet)
rElec  .         Reflect  .     (no cloak)
rCorr  .         Harm     .     l - +0 pair of gloves
MR     .....                    q - +0 pair of boots
Stlth  ++........               u - amulet of the gourmand
                                (no ring)
                                (no ring)

@: no status effects
A: change form in water, swift swim, stealthy swim
a: no special abilities


You were on level 3 of the Dungeon.
You were very full.

You visited 1 branch of the dungeon, and saw 4 of its levels.

You collected 140 gold pieces.

Inventory:

Hand Weapons
 d - a +2 vampiric whip (weapon)
 p - a +0 dagger of venom
 t - a +0 falchion
Armour
 a - a +0 robe (worn)
 l - a +0 pair of gloves (worn)
 o - a +0 leather armour
 q - a +0 pair of boots (worn)
 x - a +0 ring mail
Jewellery
 m - an uncursed ring of fire
 u - an amulet of the gourmand (around neck)
 D - an uncursed ring of see invisible {unknown}
Scrolls
 f - 3 scrolls of identify {unknown}
 h - a scroll of enchant armour {unknown}
 i - 2 scrolls of remove curse {unknown}
 j - a scroll of magic mapping {unknown}
 r - a scroll of enchant weapon {unknown}
 w - a scroll of recharging {unknown}
 y - a scroll of teleportation {unknown}
 E - a scroll of amnesia {unknown}
Potions
 e - a potion of cure mutation {unknown}
 g - a potion of agility {unknown}
 k - a potion of might {unknown}
 s - a potion of ambrosia {unknown}
 v - a potion of curing {unknown}
 A - a potion of lignification {unknown}
 B - a potion of degeneration {unknown}
 C - a potion of heal wounds {unknown}
Books
 b - a book of Frost

   Spells                             Type                      Level
   a - Freeze                         Ice                          1
   b - Throw Frost                    Conjuration/Ice              2
   c - Ozocubu's Armour               Charms/Ice                   3
   d - Throw Icicle                   Conjuration/Ice              4
   e - Summon Ice Beast               Ice/Summoning                4
Comestibles
 c - 3 bread rations
 n - a meat ration
 z - 7 chunks of flesh


   Skills:
 + Level 1.4 Fighting
 - Level 2.6 Dodging
 - Level 2.1 Stealth
 + Level 2.2 Spellcasting
 + Level 1.0 Conjurations
 + Level 1.0 Charms
 + Level 6.3 Ice Magic


You had 2 spell levels left.
You knew the following spells:

 Your Spells              Type           Power        Failure   Level  Hunger
a - Freeze                Ice            ###.         1%          1    #......
b - Throw Frost           Conj/Ice       ##....       10%         2    ###....
c - Ozocubu's Armour      Chrm/Ice       ##......     17%         3    ###....


Dungeon Overview and Level Annotations

Branches:
Dungeon (4/15)
 Temple: D:4-7

Altars:
Gozag
Makhleb
Xom

Shops:
D:2 *

Annotations:
D:3 tomat's ghost, weakling MiBe


Message History

Confirm with . or Enter, or press ? or * to list all spells.
Aiming: Freeze
Press: ? - help, Shift-Dir - straight line, f - shadow imp, p - tomat's ghost
Aim: a shadow imp You freeze the shadow imp.
The shadow imp completely resists.
Tomat's ghost misses you. The shadow imp hits you.
Casting: Freeze
Confirm with . or Enter, or press ? or * to list all spells.
Aiming: Freeze
Press: ? - help, Shift-Dir - straight line, f/p - shadow imp
Aim: a shadow imp You freeze the shadow imp.
The shadow imp resists.
The shadow imp is lightly wounded.
Tomat's ghost closely misses you. The shadow imp hits you.
You closely miss the shadow imp.
The shadow imp is lightly wounded.
Tomat's ghost hits you but does no damage.
The shadow imp barely misses you. Tomat's ghost hits you!
You die...

#.....# #... #.....# #### ###
#... #.....# ##..# #.. ...
#.....# #...# #.. .. ###...#
#.#.# #.# ##.## #.#.###.#.# #.#
#>..# #.#.##.(#.## #.# #.#<#
#....#.##..###W# #.#.#
##.#...###..##@# #.#..
#.###.####[##5# ###### #[#.> #.#
#...##.##.####....####.#.#
#.###.#.##....##...##.##...#.#
####.....#.###...(..##...##.#...#
#................##..W.#......###
#.###.#....###..###.##...##.###
#)# #.###...#((.##.....####.#
#.###.# #..((.#.....##.# #..


You could see tomat's ghost and a shadow imp.

Vanquished Creatures
  A hound (D:2)
  An orc wizard (D:2)
  A worker ant (D:3)
  5 adders (D:2)
  4 worms
  4 dart slugs
  2 leopard geckos (D:2)
  3 orcs
  7 bats
  4 giant cockroaches
  3 goblins
  4 hobgoblins
  9 jackals
  2 quokkas (D:2)
  2 frilled lizards
  5 kobolds
  9 rats
66 creatures vanquished.

Notes
Turn   | Place    | Note
-------+----------+-------------------------------------------
     0 | D:1      | Haldmier the Merfolk Ice Elementalist began the quest for the Orb.
     0 | D:1      | Reached XP level 1. HP: 13/13 MP: 3/3
   182 | D:1      | Reached XP level 2. HP: 19/19 MP: 1/5
   243 | D:1      | Reached skill level 4 in Ice Magic
  1068 | D:2      | Found an opulent altar of Gozag.
  1134 | D:2      | Learned a level 2 spell: Throw Frost
  1140 | D:2      | Reached XP level 3. HP: 24/24 MP: 4/6
  1359 | D:2      | Reached skill level 5 in Ice Magic
  1435 | D:2      | Reached XP level 4. HP: 22/30 MP: 3/7
  1550 | D:2      | Found a burning altar of Makhleb.
  1693 | D:2      | Found a shimmering altar of Xom.
  1906 | D:2      | Reached skill level 6 in Ice Magic
  2027 | D:2      | Reached XP level 5. HP: 34/35 MP: 4/8
  2353 | D:2      | Found Gozag's Platinum Reserve.
  2442 | D:2      | Learned a level 3 spell: Ozocubu's Armour
  2537 | D:3      | Noticed tomat's ghost (weakling MiBe)
  2712 | D:3      | Reached skill level 1 in Fighting
  2863 | D:3      | Reached skill level 1 in Conjurations
  2960 | D:3      | Reached skill level 1 in Charms
  3018 | D:3      | Slain by tomat's ghost

Skill      XL: |  1  2  3  4  5 |
---------------+----------------+-----
Ice Magic      | 4 5 6 |  6.3
Fighting       | 1 |  1.4
Conjurations   | 1 |  1.0
Charms         | 1 |  1.0
Dodging        | |  2.6
Stealth        | |  2.1
Spellcasting   | |  2.2

Action                   |  1- 3 |  4- 6 || total
-------------------------+-------+-------++-------
Melee: Whip              |       |    53 ||    53
 Cast: Freeze            |    44 |    67 ||   111
       Ozocubu's Armour  |       |     3 ||     3
  Eat: Chunk             |     2 |    20 ||    22
Armor: Robe              |     6 |    23 ||    29
Dodge: Dodged            |    17 |    78 ||    95
